Map: Deathaura LE

Players

LemonSqueezy

  • Race: Zerg Zerg
  • Spawn Location: 5:00

ViBE - Winner!

  • Race: Zerg Zerg
  • League: Bronze
  • Spawn Location: 11:00

VOD

https://www.youtube.com/watch?v=VjhJ7E-kFgw&list=PLFeZeom2b4DnD3FIu7pzkXl51JX_WWz2h&index=2

Description

Time

  • Played on: March 10, 2021, 9:33 p.m.
  • Length: 4:16
Show
View Real Time Build Order
Export as new Build Order

LemonSqueezy Zerg 

Build Orders:  

Get SALT Encoding   

Show
View Real Time Build Order
Export as new Build Order

ViBE Zerg - Winner!

Build Orders: Hatch First 

Get SALT Encoding   

  12  0:00  Drone  
  13  0:14  Overlord  
  13  0:20  Drone  
  14  0:32  Drone x2  
  16  0:49  Hatchery  
  15  0:53  Drone  
  16  0:58  Drone  
  16  1:01  Drone  
  18  1:14  Spawning Pool  
  18  1:16  Drone  
  18  1:20  Drone  
  19  1:30  Drone  
  20  1:34  Extractor  
  19  2:04  Drone x4  
  23  2:13  Queen x2  
  27  2:16  Overlord  
  27  2:35  Drone x4  
  31  2:37  Drone  
  32  3:01  Lair  
  32  3:04  Overlord  
  32  3:09  Queen  
  32  3:11  Overlord  
  34  3:15  Drone x2  
  36  3:23  Overlord  
  36  3:31  Drone x4  
  36  3:33  Drone x3  
  43  3:36  Drone x4  
  47  3:43  Roach Warren  
  47  3:46  Evolution Chamber  
  45  3:53  Evolution Chamber  
Tags
 
League
Bronze
Matchup
ZvZ
Player
ViBE
Race
Zerg
Replay Pack
Bronze_League
Spawn Locations
Cross Positions
Add a new tag
Caveats
  • Supply blocks, unpowered buildings, or Contaminate may cause inaccurate times.
  • Supply counts are checked every 10 seconds.